 Dungeon Crawl Stone Soup version 0.19-a0-517-gd6a9987 (webtiles) character file.

3870 tyrsky the Destroyer (level 10, 0/79 HPs)
             Began as a Grey Draconian Conjurer on June 6, 2016.
             Was an Initiate of Qazlal.
             Slain by a troll (12 damage)
             ... on level 9 of the Dungeon.
             The game lasted 00:31:28 (7630 turns).

tyrsky the Destroyer (Grey Draconian Conjurer)      Turns: 7630, Time: 00:31:29

Health: 0/79       AC: 14    Str: 13    XL:     10   Next: 0%
Magic:  13/13      EV: 13    Int: 16    God:    Qazlal [......]
Gold:   483        SH:  0    Dex: 12    Spells: 2 memorised, 8 levels left

rFire  . . .     SeeInvis .       - Unarmed
rCold  . . .     Gourm    .     (armour unavailable)
rNeg   . . .     Faith    .     (no shield)
rPois  +         Spirit   .     (helmet restricted)
rElec  .         Dismiss  .     D - +1 cloak
rCorr  .         Reflect  .     (no gloves)
SustAt .         Harm     .     (no boots)
MR     .....                    o - amulet of magic regeneration
Stlth  +++.......               B - ring of poison resistance
                                g - ring of stealth

@: not resistant to hostile enchantments, fairly stealthy
A: walk through water, unfitting armour, unbreathing, cold-blooded, AC +12
a: Renounce Religion


You were on level 9 of the Dungeon.
You worshipped Qazlal.
Qazlal was noncommittal.
You were not hungry.

You visited 2 branches of the dungeon, and saw 11 of its levels.

You collected 483 gold pieces.

Inventory:

Armour
 D - a +1 cloak (worn)
Rods
 z - a +0 lightning rod (9/9)
   (You found it on level 7 of the Dungeon)
Jewellery
 g - a ring of stealth (left hand)
 i - an uncursed ring of positive energy
 o - an amulet of magic regeneration (around neck)
 B - a ring of poison resistance (right hand)
 G - an uncursed ring of see invisible {unknown}
Wands
 c - a wand of confusion (9/48)
 p - a wand of paralysis (2/24)
 s - a wand of slowing (17/48)
 F - a wand of lightning (4/15)
Scrolls
 d - a scroll of enchant armour
 f - 3 scrolls of remove curse
 h - 2 scrolls of amnesia
 u - 2 scrolls of blinking
 E - a scroll of teleportation
 I - 2 scrolls of recharging
Potions
 e - 2 potions of berserk rage
 j - 2 potions of haste
 k - 2 potions of lignification
 l - 2 potions of mutation
 m - a potion of cure mutation {unknown}
 n - a potion of degeneration {unknown}
 q - a potion of heal wounds {unknown}
 r - 3 potions of brilliance
 v - a potion of magic {unknown}
 w - a potion of agility {unknown}
Books
 a - a book of Conjurations

   Spells                             Type                      Level
   a - Magic Dart                     Conjuration                  1
   b - Searing Ray                    Conjuration                  2
   c - Dazzling Spray                 Conjuration/Hexes            3
   d - Fulminant Prism                Conjuration/Hexes            4
   e - Iskenderun's Mystic Blast      Conjuration                  4
   f - Iskenderun's Battlesphere      Conjuration/Charms           5
 y - a book of Summonings

   Spells                             Type                      Level
   a - Recall                         Summoning/Translocation      3
   b - Aura of Abjuration             Summoning                    5
   c - Summon Demon                   Summoning                    5
   d - Summon Forest                  Summoning/Translocation      5
   e - Summon Mana Viper              Hexes/Summoning              5
   f - Shadow Creatures               Summoning                    6
 A - a book of Flames

   Spells                             Type                      Level
   a - Flame Tongue                   Conjuration/Fire             1
   b - Throw Flame                    Conjuration/Fire             2
   c - Conjure Flame                  Conjuration/Fire             3
   d - Inner Flame                    Hexes/Fire                   3
   e - Sticky Flame                   Conjuration/Fire             4
   f - Fireball                       Conjuration/Fire             5
Comestibles
 b - 3 bread rations
 C - 2 fruits


   Skills:
 + Level 4.2 Fighting
 + Level 4.0 Dodging
 + Level 4.5 Stealth
 + Level 4.0 Unarmed Combat
 - Level 2.0 Spellcasting
 - Level 9.8 Conjurations
 - Level 7.0 Hexes


You had 8 spell levels left.
You knew the following spells:

 Your Spells              Type           Power        Failure   Level  Hunger
a - Magic Dart            Conj           ####         1%          1    #......
b - Fulminant Prism       Conj/Hex       ####......   10%         4    #####..


Dungeon Overview and Level Annotations

Branches:
Dungeon (10/15)            Temple (1/1) D:7
   Lair: D:8-11         Orc: D:9-12

Altars:
Ashenzari
Dithmenos
Fedhas
Gozag
Hepliaklqana
Kikubaaqudgha
Pakellas
Qazlal
Trog
Uskayaw
Vehumet
The Shining One

Annotations:
D:8 Erolcha


Innate Abilities, Weirdness & Mutations

You can walk through water.
Your dull iron-grey scales are very hard. (AC +12)
Your body does not fit into most forms of armour.
You can survive without breathing.
You are cold-blooded and may be slowed by cold attacks.


Message History

Eat which item? (? for menu, Esc to quit)
The troll bites you!
* * * LOW HITPOINT WARNING * * *
The troll closely misses you. The troll barely misses you.
You continue eating.
The troll bites you.
* * * LOW HITPOINT WARNING * * *
The troll barely misses you. The troll claws you.
* * * LOW HITPOINT WARNING * * *
You continue eating.
The troll closely misses you. The troll claws you but does no damage.
The troll closely misses you.
You finish eating.
That meat ration really hit the spot!
You feel better. The troll barely misses you. The troll closely misses you.
The troll claws you.
* * * LOW HITPOINT WARNING * * *
You feel better. The troll bites you.
* * * LOW HITPOINT WARNING * * *
The troll completely misses you. The troll claws you!
You die...

#........# #.....#
#..<.....# #.....'
#........# #.....#
#........# #.....#
#........# ##'####
#........# #.#
######'### #.# ##...#
#.# #.d### ##.#
#####T####### #..#
#...........#####'#####
#...........'.##.......
#...........#.##.>.....
#...........#.##.......
#...(...(...#..#.......
#...........##.'.......
#>..........####.......


You could see a troll.

Vanquished Creatures
  Grinder (D:6)
  A wyvern (D:7)
  Grum (D:8)
  A hungry ghost (D:7)
  A sky beast (D:5)
  2 orc warriors
  A necrophage (D:8)
  4 wolves
  An ogre (D:6)
  A crocodile (D:7)
  A big kobold (D:10)
  3 giant frogs
  A gnoll sergeant (D:8)
  A scorpion (D:4)
  8 killer bees
  A wight (D:6)
  A crimson imp (D:6)
  4 howler monkeys
  2 jellies
  4 orc priests
  A centaur skeleton (D:7)
  5 hounds
  3 giant frog skeletons
  6 iguanas
  6 orc wizards
  8 worker ants
  Terence (D:2)
  2 killer bee zombies
  A hound zombie (D:5)
  3 hound skeletons
  A howler monkey zombie (D:7)
  2 worker ant zombies
  8 gnolls
  13 adders
  2 oozes
  2 adder skeletons
  2 adder zombies
  4 worms
  6 giant geckos
  29 orcs
  4 bats
  4 giant cockroaches
  4 goblins
  8 hobgoblins
  8 jackals
  5 quokkas
  3 giant newts
  A jackal zombie (D:6)
  8 kobolds
  A quokka skeleton (D:5)
  7 rats
  3 fulminant prisms
201 creatures vanquished.

Vanquished Creatures (others)
  57 fulminant prisms
57 creatures vanquished.

Grand Total: 258 creatures vanquished

Notes
Turn   | Place    | Note
--------------------------------------------------------------
     0 | D:1      | tyrsky the Draconian Conjurer began the quest for the Orb.
     0 | D:1      | Reached XP level 1. HP: 14/14 MP: 3/3
   407 | D:1      | Found a shattered altar of Ashenzari.
   474 | D:1      | Reached XP level 2. HP: 20/20 MP: 1/5
   925 | D:2      | Reached skill level 5 in Conjurations
  1124 | D:2      | Reached XP level 3. HP: 26/26 MP: 0/6
  1943 | D:2      | Reached XP level 4. HP: 24/33 MP: 3/7
  1955 | D:2      | Learned a level 4 spell: Fulminant Prism
  2151 | D:3      | Noticed Terence
  2211 | D:2      | Killed Terence
  2383 | D:3      | Reached skill level 1 in Hexes
  2497 | D:3      | Noticed an ogre
  2557 | D:3      | Reached skill level 6 in Conjurations
  2583 | D:3      | Found an oddly glowing altar of Pakellas.
  2708 | D:3      | Reached XP level 5. HP: 38/38 MP: 4/8
  3137 | D:4      | Reached XP level 6. HP: 44/45 MP: 0/9
  3567 | D:4      | Reached skill level 7 in Conjurations
  3706 | D:5      | Entered Level 5 of the Dungeon
  3745 | D:5      | Noticed a sky beast
  4000 | D:5      | Killed a sky beast
  4000 | D:5      | Your scales start taking on a dull iron-grey colour.
  4000 | D:5      | Reached XP level 7. HP: 27/50 MP: 1/10
  4000 | D:5      | Gained mutation: You can survive without breathing. [Grey Draconian growth]
  4453 | D:6      | Noticed Grinder
  4740 | D:6      | Paralysed by Grinder for 2 turns
  4744 | D:6      | Killed Grinder
  4744 | D:6      | Reached skill level 8 in Conjurations
  4744 | D:6      | Reached skill level 5 in Hexes
  4909 | D:6      | Reached XP level 8. HP: 57/57 MP: 3/11
  4946 | D:6      | Found a glowing golden altar of the Shining One.
  5501 | D:7      | Reached skill level 9 in Conjurations
  5685 | D:7      | Reached XP level 9. HP: 58/62 MP: 0/12
  5937 | D:7      | Reached skill level 1 in Fighting
  5937 | D:7      | Reached skill level 1 in Unarmed Combat
  6197 | D:7      | Found a staircase to the Ecumenical Temple.
  6203 | Temple   | Entered the Ecumenical Temple
  6221 | Temple   | Became a worshipper of Qazlal Stormbringer
  6323 | D:8      | Noticed Grum
  6516 | D:8      | Noticed Erolcha
  6987 | D:8      | Found a blossoming altar of Fedhas.
  6987 | D:8      | Found a bloodstained altar of Trog.
  6990 | D:8      | Found an opulent altar of Gozag.
  7179 | D:8      | Killed Grum
  7434 | D:10     | Entered Level 10 of the Dungeon
  7463 | D:10     | Noticed a gargoyle
  7557 | D:10     | Noticed a troll
  7568 | D:9      | Reached XP level 10. HP: 50/78 MP: 0/13
  7627 | D:9      | HP: 2/78 [troll (5)]
  7630 | D:9      | Slain by a troll

Vault maps used:
D:1:      lightli_arrival_chessboard, nicolae_ashenzari_panopticon
D:2:      wad_river_or_something
D:3:      grunt_pakellas_basics, uniq_terence
D:5:      first_bread
D:6:      nicolae_tso_carved_into_rock, serial_corexii_hall,
          corexii_hall_statues_s, corexii_hall_statues_s, uniq_grinder
D:7:      minmay_temple_entry_fiery
D:8:      nicolae_overflow_hidden_temple, hangedman_little_slice_of_home,
          kennysheep_island_fort, uniq_grum, uniq_erica, uniq_erolcha
D:10:     erik_lair_island, uniq_psyche
Temple:   grunt_circular_temple_18

Skill      XL: |  1  2  3  4  5  6  7  8  9 |
---------------+----------------------------+-----
Conjurations   | 5 6 7 8 9 |  9.8
Hexes          | 1 2 3 5 7 |  7.0
Stealth        | 4 |  4.5
Fighting       | 4 |  4.2
Dodging        | 4 |  4.0
Unarmed Combat | 4 |  4.0
Spellcasting   | |  2.0

Action                   |  1- 3 |  4- 6 |  7- 9 | 10-12 || total
-------------------------+-------+-------+-------+-------++-------
Melee: Unarmed           |    10 |    22 |   106 |       ||   138
       Tailslap          |     1 |     4 |    17 |       ||    22
 Cast: Magic Dart        |    99 |   164 |   279 |     1 ||   543
       Fulminant Prism   |       |    12 |    47 |     1 ||    60
Evoke: Wand              |       |       |     2 |       ||     2
  Use: Scroll            |       |    14 |     4 |       ||    18
       Potion            |       |       |       |     2 ||     2
 Stab: Sleeping          |       |       |     6 |       ||     6
  Eat: Chunk             |     3 |    13 |    18 |       ||    34
       Beef jerky        |       |     1 |       |       ||     1
       Fruit             |       |       |     1 |       ||     1
       Pizza             |       |       |     1 |       ||     1
       Meat ration       |       |       |     1 |     1 ||     2
       Royal jelly       |       |       |     1 |       ||     1
Armor: Skin              |    13 |    32 |   125 |     4 ||   174
Dodge: Dodged            |    26 |    50 |   178 |    13 ||   267
